 Dungeon Crawl Stone Soup version 0.22-a0-482-g76e0a5f51a (webtiles) character file.

64 Oravi the Gusty (level 4, -1/24 HPs)
             Began as a Tengu Air Elementalist on June 16, 2018.
             Was an Initiate of Vehumet.
             Slain by an orc priest
             ... wielding a +0 falchion
              (6 damage)
             ... on level 3 of the Dungeon.
             The game lasted 00:08:00 (1758 turns).

Oravi the Gusty (Tengu Air Elementalist)            Turns: 1758, Time: 00:08:05

Health: -1/24      AC:  3    Str:  9    XL:     4   Next: 12%
Magic:  1/9        EV: 11    Int: 16    God:    Vehumet [......]
Gold:   97         SH:  0    Dex: 14    Spells: 2/8 levels left

rFire    . . .     SeeInvis .   f - -2 spear
rCold    . . .     Gourm    .   (no shield)
rNeg     . . .     Faith    .   a - +1 robe
rPois    .         Spirit   .   (helmet restricted)
rElec    .         Reflect  .   (no cloak)
rCorr    .         Harm     .   (no gloves)
MR       .....                  (boots unavailable)
Stlth    ++........             (no amulet)
HPRegen  0.08/turn              (no ring)
MPRegen  0.11/turn              (no ring)

@: very slightly contaminated, heavily drained
A: beak, talons 3
a: Renounce Religion


You were on level 3 of the Dungeon.
You worshipped Vehumet.
Vehumet was noncommittal.
You were not hungry.

You visited 1 branch of the dungeon, and saw 3 of its levels.

You collected 97 gold pieces.

Inventory:

Hand Weapons
 f - a -2 spear (weapon)
 t - a +1 hand axe
 u - a +0 spear
Missiles
 g - 3 needles of confusion
 h - 6 tomahawks of dispersal
 o - 27 stones (quivered)
Armour
 a - a +1 robe (worn)
Scrolls
 d - a scroll of enchant weapon
 e - a scroll of teleportation
 q - a scroll of identify
Potions
 i - 2 potions of heal wounds
 j - 2 potions of curing {unknown}
 k - a potion of flight
 m - a potion of ambrosia {unknown}
 n - a potion of haste {unknown}
 p - a potion of cancellation {unknown}
Comestibles
 b - 2 chunks of flesh
 c - 3 rations


   Skills:
 - Level 2.1(0.7) Dodging
 - Level 2.0(0.5) Stealth
 + Level 2.8(1.3) Spellcasting
 + Level 3.0(1.5) Conjurations
 + Level 5.0(3.4) Air Magic


You had 2 spell levels left.
You knew the following spells:

 Your Spells              Type           Power        Failure   Level  Hunger
a - Shock                 Conj/Air       #...         8%          1    ##.....
b - Swiftness             Chrm/Air       #.......     17%         2    ###....
c - Static Discharge      Conj/Air       #.......     24%         3    ####...

Your spell library contained the following spells:

 Spells                   Type           Power        Failure   Level  Hunger
 Lightning Bolt           Conj/Air       #.........   91%         5    ######.
 Airstrike                Air            ##........   47%         4    #####..


Dungeon Overview and Level Annotations

Branches:
Dungeon (3/15)

Altars:
Cheibriados
Fedhas
Vehumet


Innate Abilities, Weirdness & Mutations

You have a beak for a mouth.
You have claws for feet.


Message History

The zap hits the orc priest.
The orc priest is moderately wounded.
The zap misses the orc.
The orc priest hits you with a falchion.
Casting: Shock (safe; 8% risk of failure)
Confirm with . or Enter, or press ? or * to list all spells.
Aiming: Shock (safe; 8% risk of failure)
Press: ? - help, Shift-Dir - straight line You miscast Shock.
You are very lightly contaminated with residual magic.
Nothing appears to happen.
The orc priest hits you with a falchion.
* * * LOW HITPOINT WARNING * * *
Casting: Shock (safe; 8% risk of failure)
Confirm with . or Enter, or press ? or * to list all spells.
The orc priest is struck by lightning.
The orc priest is severely wounded.
The lightning grounds out.
The orc priest hits you with a falchion.
You die...

#.##### #.# #.# #.#
#.# . ###.# .._
#...#
..##.###########.###
#..?@.........#
###o########### #o
#) #. #. ### #. #..
.. #.# #.#


You could see an orc priest and an orc.

Vanquished Creatures
  2 adders
  3 dart slugs
  2 orcs (D:3)
  5 bats
  2 giant cockroaches
  5 goblins
  4 jackals
  2 quokkas
  13 frilled lizards
  2 kobolds
40 creatures vanquished.

Notes
Turn   | Place    | Note
-------+----------+-------------------------------------------
     0 | D:1      | Oravi the Tengu Air Elementalist began the quest for the Orb.
     0 | D:1      | Reached XP level 1. HP: 10/10 MP: 4/4
   181 | D:1      | Reached XP level 2. HP: 15/15 MP: 0/6
   725 | D:2      | Reached XP level 3. HP: 19/19 MP: 4/7
   930 | D:1      | Learned a level 2 spell: Swiftness
   934 | D:1      | Learned a level 3 spell: Static Discharge
  1263 | D:2      | Found a blossoming altar of Fedhas.
  1283 | D:2      | Found a radiant altar of Vehumet.
  1295 | D:2      | Became a worshipper of Vehumet
  1614 | D:3      | Reached XP level 4. HP: 24/24 MP: 2/9
  1752 | D:3      | Found a snail-covered altar of Cheibriados.
  1755 | D:3      | Reached skill level 5 in Air Magic
  1758 | D:3      | Slain by an orc priest

Vault maps used:
D:1:      wheals_arrival_linesprint, minmay_lizard_pond
D:2:      vehumet_crystals, fedhas_altar_2
D:3:      nicolae_overflow_hidden_temple, first_ration

Skill      XL: |  1  2  3  4 |
---------------+-------------+-----
Conjurations   | 2 3 |  3.0
Air Magic      | 5 |  5.0
Dodging        | |  2.1
Stealth        | |  2.0
Spellcasting   | |  2.8

Action                   |  1- 3 |  4- 6 || total
-------------------------+-------+-------++-------
Melee: Spear             |    15 |     6 ||    21
       Kick              |     4 |     1 ||     5
       Peck              |     1 |       ||     1
 Cast: Shock             |    68 |     6 ||    74
       Static Discharge  |     1 |     2 ||     3
  Use: Scroll            |     9 |       ||     9
  Eat: Chunk             |     3 |     1 ||     4
Armor: Robe              |     8 |     1 ||     9
Dodge: Dodged            |    28 |     3 ||    31

Table legend:
 A = Spawn XP
 B = Non-spawn XP
 C = Spawn XP percentage of total XP
 D = Spawn monster count
 E = Non-spawn monster count
 F = Spawn count percentage of total count
 G = Total turns spent on level
                    A         B        C        D         E        F      G
               +---------+---------+-------+---------+---------+-------+---------
         Total |       0 |      92 |   0.0 |       0 |      40 |   0.0 |  1758
               +---------+---------+-------+---------+---------+-------+---------
           D:1 |       0 |      37 |   0.0 |       0 |      24 |   0.0 |  1062
           D:2 |       0 |      32 |   0.0 |       0 |      11 |   0.0 |   542
           D:3 |       0 |      23 |   0.0 |       0 |       5 |   0.0 |   154
               +---------+---------+-------+---------+---------+-------+---------
